 Dungeon Crawl Stone Soup version 0.31-a0-986-g5e6e4ef867 (webtiles) character file.

Game seed: 2930550620994108995

25 mandarbmax the Sneak (level 3, -3/29 HPs)
             Began as a Human Delver on Nov 13, 2023.
             Slain by a river rat (9 damage)
             ... on level 4 of the Dungeon.
             The game lasted 00:01:47 (122 turns).

mandarbmax the Sneak (Human Delver)                  Turns: 122, Time: 00:01:48

Health: -3/29      AC:  3    Str: 14    XL:     3   Next: 20%
Magic:  3/3        EV: 12    Int: 10    God:
Gold:   16         SH:  0    Dex: 14    Spells: 2/2 levels left

rFire   . . .        a - +0 mace
rCold   . . .        (no shield)
rNeg    . . .        b - +0 leather armour
rPois   .            (no helmet)
rElec   .            (no cloak)
rCorr   .            (no gloves)
SInv    .            (no boots)
Will    .....        (no amulet)
Stlth   +++          (no ring)
HPRegen 0.24/turn    (no ring)
MPRegen 0.08/turn

%: no passive effects
@: no status effects
A: no striking features
a: no special abilities


You were on level 4 of the Dungeon.
You visited 1 branch of the dungeon, and saw 2 of its levels.

You collected 16 gold pieces.

Inventory:

Hand Weapons
 a - a +0 mace (weapon)
Armour
 b - a +0 leather armour (worn)
Wands
 g - a wand of digging (3)
Scrolls
 c - a scroll of fog
 d - a scroll of revelation
 e - a scroll of fear


   Skills:
 - Level 3.0 Fighting
 + Level 3.4 Maces & Flails
 - Level 2.0 Dodging
 - Level 5.0 Stealth


You had 2 spell levels left.
You didn't know any spells.
Your spell library contained the following spells:

 Spells                   Type           Power      Damage    Failure   Level
 Blink                    Tloc           0%         N/A       58%         2
 Manifold Assault         Tloc           0%         N/A       99%         4


Dungeon Overview and Level Annotations

Branches:
Dungeon (5/15)
 Temple: D:4-7

Altars:

Portals:
Sewer: D:4


Message History

The worm barely misses you.
You thump the worm!
The worm is heavily wounded.
You barely miss the worm.
The worm is heavily wounded.
The worm bites you.
You hit the worm.
The worm is heavily wounded.
You barely miss the worm.
The worm is heavily wounded.
The worm bites you!
* * * LOW HITPOINT WARNING * * *
You sock the worm!
The worm is almost dead.
Your extra speed is starting to run out.
You hit the worm.
You kill the worm!
The rat bites you but does no damage.
You hit the rat but do no damage. The rat bites you.
* * * LOW HITPOINT WARNING * * *
You barely miss the rat.
You hear the slow rusting of a drain very nearby.
You barely miss the rat. The rat misses you.
You hit the rat.
The rat is heavily wounded.
The rat bites you but does no damage.
You hit the rat.
You kill the rat!
You feel yourself slow down.
Things that are here:
a rat corpse; a ball python corpse
Found a glowing drain.
A river rat comes into view.
Found a mace.
The river rat closely misses you.
You hit the river rat.
The river rat is severely wounded.
The river rat bites you.
* * * LOW HITPOINT WARNING * * *
The river rat bites you!
You die...

#.<.........
#####...................
...)'...................
#)###..................)
..##..............~~~...
#.##.###.........~~~~~..
#.#....#.#....#..~~∩~~..
#.#..#.#.#.####..r~~~~..
#.#.>..).†......@.~~~...
#.##.#.#.†..............
#.#.....................
#.#..#.####...#####.....
#.#..#........+ .....
#.#..#....#...# ..##
#.#..#o...+...+ ...
#.#..#....#...# ...
#.#..#>.......#


You could see a river rat.

Vanquished Creatures
  An adder (D:4)
  A worm (D:4)
  5 orcs (D:4)
  2 ball pythons (D:4)
  A rat (D:4)
10 creatures vanquished.

Notes
Turn   | Place    | Note
-------+----------+-------------------------------------------
     0 | D:5      | mandarbmax the Human Delver began the quest for the Orb.
     0 | D:5      | Reached XP level 1. HP: 18/18 MP: 1/1
    81 | D:4      | Reached XP level 2. HP: 12/24 MP: 2/2
    88 | D:4      | Reached XP level 3. HP: 14/29 MP: 3/3
   117 | D:4      | Found a glowing drain.
   122 | D:4      | Slain by a river rat

Illustrated notes

Levels and vault maps discovered:
D:4:      minmay_chambers_of_threes, layout_basic, portal_sewer_entry_a,
          minmay_goblin_kobold_house
D:5:      layout_loops_cross

Skill      XL: |  1 |
---------------+----+-----
Maces & Flails | 3 |  3.4
Fighting       | |  3.0
Dodging        | |  2.0
Stealth        | |  5.0

Action                     || total
---------------------------++-------
  Melee: Mace              ||    40
    Use: Potion            ||     1
 Armour: Leather armour    ||    21
  Dodge: Dodged            ||    13

Table legend: (Time is in decaauts)
 A = Elapsed time spent in this place.
 B = Non-inter-level travel time spent in this place.
 C = Inter-level travel time spent in this place.
 D = Time resting spent in this place.
 E = Time spent auto-exploring this place.
 F = Levels seen in this place.
 G = Mean time per level.
                   A        B        C        D        E       F      G
               +--------+--------+--------+--------+--------+-----+--------+
         Total |    117 |    111 |      6 |      0 |      0 |   2 |   58.5 |
       Dungeon |    117 |    111 |      6 |      0 |      0 |   2 |   58.5 |
               +--------+--------+--------+--------+--------+-----+--------+

Top non-repeatable levels by time:
     D:4: 111 daAuts
     D:5: 6 daAuts
